Map: 2000 Atmospheres LE

Players

Antis

  • Race: Zerg Zerg

MCanning - Winner!

  • Race: Protoss Protoss
  • League: Master

VOD

Have the link to the VOD?

Description

Time

  • Played on: July 24, 2021, 5:22 p.m.
  • Length: 15:58
Show
View Real Time Build Order
Export as new Build Order

Antis Zerg 

Build Orders: Hatch First, Lurkers, Roach Hydra 

Get SALT Encoding   

  12  0:00  Drone  
  13  0:12  Overlord  
  13  0:16  Drone  
  14  0:30  Drone x2  
  16  0:49  Hatchery  
  15  0:51  Drone  
  15  0:55  Drone  
  17  0:58  Drone  
  18  1:09  Extractor  
  17  1:13  Spawning Pool  
  17  1:16  Drone  
  17  1:19  Drone  
  18  1:28  Drone  
  19  1:39  Drone  
  20  1:49  Overlord  
  20  2:01  Queen x2  
  20  2:02  Zergling x4  
  26  2:13  Drone x2  
  26  2:14  Metabolic Boost  
  28  2:22  Drone  
  29  2:23  Drone  
  30  2:36  Hatchery  
  29  2:41  Drone  
  29  2:42  Drone  
  31  2:45  Queen  
  31  2:50  Overlord  
  33  2:58  Drone x3  
  36  3:05  Overlord  
  36  3:12  Drone x4  
  40  3:14  Drone  
  40  3:18  Drone x2  
  43  3:25  Queen  
  45  3:28  Spore Crawler, Drone  
  45  3:31  Drone  
  45  3:33  Overlord  
  46  3:40  Drone x2  
  48  3:49  Drone x2  
  48  3:52  Overlord  
  48  3:55  Zergling x4  
  52  3:56  Drone x3  
  52  4:00  Drone  
  52  4:01  Queen  
  58  4:04  Overlord  
  58  4:05  Spore Crawler  
  57  4:11  Overlord  
  57  4:14  Drone x2  
  59  4:18  Drone x4  
  63  4:28  Zergling x6  
  66  4:33  Drone x4  
  66  4:35  Evolution Chamber  
  66  4:36  Overlord  
  69  4:42  Zergling x8  
  69  4:43  Extractor  
  69  4:45  Lair  
  72  4:48  Drone x2  
  72  4:49  Overlord  
  74  4:57  Zergling x2  
  74  4:58  Zergling x6  
  78  5:01  Roach Warren  
  78  5:05  Extractor  
  76  5:12  Drone x8  
  81  5:16  Zerg Missile Weapons Level 1  
  80  5:22  Overlord  
  80  5:24  Drone x3  
  80  5:26  Drone x3  
  80  5:28  Drone  
  87  5:30  Extractor  
  87  5:34  Hatchery  
  83  5:39  Drone x9  
  83  5:40  Extractor  
  90  5:45  Glial Reconstitution  
  90  5:46  Evolution Chamber, Extractor  
  90  5:48  Overlord  
  90  5:49  Overseer  
  88  5:53  Overlord x2  
  88  6:06  Overlord, Drone x2  
  88  6:07  Hydralisk Den  
  88  6:11  Drone x6  
  95  6:13  Drone x3  
  95  6:16  Overlord  
  95  6:17  Zerg Ground Armor Level 1  
  98  6:22  Overlord  
  98  6:27  Roach x2  
  98  6:32  Roach x4  
  109  6:40  Roach x7  
  109  6:42  Grooved Spines  
  123  6:52  Roach x4  
  131  7:04  Roach x10  
  150  7:10  Overlord x4  
  150  7:11  Overlord  
  150  7:15  Zerg Missile Weapons Level 2, Overseer  
  150  7:19  Ravager  
  151  7:24  Spore Crawler  
  151  7:25  Infestation Pit, Drone x2  
  151  7:26  Overlord  
  151  7:28  Spine Crawler  
  150  7:33  Drone x4, Hydralisk  
  150  7:34  Extractor, Hydralisk x3  
  150  7:35  Drone  
  150  7:36  Drone  
  164  7:37  Drone  
  162  7:45  Spine Crawler, Hydralisk x3  
  166  7:59  Hydralisk  
  166  8:00  Hydralisk x6  
  165  8:13  Hydralisk  
  165  8:14  Hydralisk x4  
  175  8:21  Roach, Zergling x2  
  175  8:22  Zergling x16  
  186  8:37  Overlord  
  186  8:39  Zerg Ground Armor Level 2, Spine Crawler  
  185  8:43  Extractor  
  185  8:47  Roach x8  
  200  8:52  Hatchery  
  199  8:57  Lurker Den, Hive  
  199  9:01  Drone x2  
  200  9:04  Pneumatized Carapace  
  200  9:09  Muscular Augments  
  186  9:30  Hydralisk x4  
  186  9:31  Hydralisk x4  
  197  9:49  Drone x5  
  200  9:53  Hatchery  
  198  10:06  Extractor  
  193  10:07  Extractor  
  193  10:10  Seismic Spines  
  193  10:12  Hydralisk x4  
  198  10:23  Drone x2  
  198  10:26  Spine Crawler  
  193  10:33  Hatchery  
  192  10:36  Lurker x7  
  192  10:37  Lurker  
  197  11:01  Drone  
  197  11:02  Drone  
  197  11:03  Drone  
  200  11:11  Overseer x2  
  200  11:17  Roach x3  
  200  11:18  Roach x3  
  196  11:26  Hatchery  
  196  11:31  Zerg Ground Armor Level 3, Zerg Missile Weapons Level 3  
  192  11:33  Adaptive Talons  
  178  11:54  Hydralisk x4  
  178  11:55  Hydralisk x2  
  169  12:12  Hydralisk  
  169  12:13  Hydralisk x15  
  175  12:27  Queen  
  175  12:28  Queen x3  
  175  12:29  Overlord x2  
  181  12:30  Hydralisk  
  181  12:31  Hydralisk  
  183  12:38  Hatchery  
  182  12:44  Lurker x2  
  182  12:50  Hatchery  
  177  12:58  Lurker x4  
  177  12:59  Hydralisk  
  177  13:00  Hydralisk x9  
  194  13:26  Hydralisk x12  
  185  13:36  Lurker x2  
  185  13:37  Lurker  
  185  13:38  Overseer  
  185  13:39  Zergling x26  
  185  13:40  Zergling x2  
  196  13:44  Overseer  
  196  13:45  Roach x3  
  179  14:00  Hydralisk x8  
  168  14:16  Hydralisk x5  
  157  14:20  Hydralisk  
  157  14:21  Roach x2  
  157  14:23  Zergling x14  
  157  14:24  Zergling x16  
  150  14:28  Queen x4  
  154  14:43  Hatchery  
  151  14:56  Hatchery  
  141  15:00  Hydralisk x16  
  141  15:04  Overseer  
  167  15:19  Overlord x2  
  167  15:20  Lurker  
  167  15:21  Lurker x2  
  156  15:23  Hydralisk x3  
Show
View Real Time Build Order
Export as new Build Order

MCanning Protoss - Winner!

Build Orders: 1 Gate Expand, Oracle Opening, Carriers, Zealot Archon 

Get SALT Encoding   

  12  0:00  Probe  
  13  0:12  Probe  
  14  0:19  Pylon  
  14  0:24  Probe  
  15  0:37  Gateway, Probe (Chrono Boost)  
  16  0:47  Assimilator  
  16  0:48  Probe (Chrono Boost)  
  17  0:52  Probe (Chrono Boost)  
  18  1:03  Probe  
  19  1:15  Probe  
  20  1:23  Nexus  
  20  1:33  Cybernetics Core  
  20  1:36  Probe  
  21  1:42  Assimilator  
  21  1:48  Probe  
  21  1:51  Pylon  
  22  2:00  Probe (Chrono Boost)  
  23  2:08  Adept (Chrono Boost)  
  23  2:13  Probe (Chrono Boost)  
  26  2:21  Probe (Chrono Boost)  
  26  2:22  Stargate  
  27  2:27  Probe  
  28  2:30  Stalker (Chrono Boost)  
  31  2:37  Probe  
  31  2:38  Warp Gate  
  31  2:41  Probe  
  32  2:49  Probe  
  33  2:53  Probe  
  34  2:59  Void Ray (Chrono Boost)  
  34  3:01  Probe  
  34  3:05  Probe  
  40  3:13  Probe  
  40  3:17  Probe  
  42  3:20  Gateway  
  42  3:23  Pylon  
  42  3:25  Probe  
  43  3:29  Probe  
  44  3:35  Pylon  
  44  3:37  Probe  
  44  3:38  Oracle (Chrono Boost)  
  48  3:41  Probe  
  48  3:47  Shield Battery  
  49  3:49  Probe  
  49  3:53  Probe  
  51  3:58  Assimilator  
  51  4:00  Assimilator  
  51  4:01  Probe  
  51  4:02  Void Ray  
  52  4:03  Pylon  
  52  4:05  Probe  
  57  4:13  Probe  
  58  4:18  Probe  
  59  4:25  Nexus  
  59  4:26  Pylon, Probe  
  59  4:30  Adept  
  59  4:31  Adept  
  64  4:33  Probe (Chrono Boost)  
  64  4:38  Probe (Chrono Boost)  
  66  4:40  Robotics Facility  
  67  4:47  Forge  
  67  4:49  Probe (Chrono Boost)  
  67  4:50  Probe (Chrono Boost)  
  67  4:52  Twilight Council  
  68  4:56  Probe  
  68  4:57  Probe  
  70  5:01  Shield Battery, Sentry  
  70  5:04  Adept  
  74  5:08  Probe  
  74  5:13  Probe  
  76  5:19  Protoss Ground Weapons Level 1 (Chrono Boost)  
  76  5:20  Probe  
  73  5:21  Gateway  
  73  5:25  Shield Battery, Probe  
  73  5:26  Charge (Chrono Boost)  
  74  5:31  Observer (Chrono Boost)  
  74  5:32  Probe  
  74  5:34  Adept  
  74  5:35  Adept  
  78  5:37  Probe  
  78  5:39  Probe (Chrono Boost)  
  79  5:43  Robotics Bay, Gateway  
  79  5:49  Probe (Chrono Boost)  
  81  5:51  Observer (Chrono Boost)  
  81  5:52  Probe (Chrono Boost)  
  81  5:55  Probe (Chrono Boost)  
  83  6:00  Probe (Chrono Boost)  
  83  6:01  Assimilator, Probe (Chrono Boost)  
  83  6:03  Sentry, Probe (Chrono Boost)  
  88  6:06  Probe  
  88  6:07  Assimilator  
  88  6:08  Pylon  
  88  6:10  Probe  
  90  6:11  Pylon  
  90  6:15  Probe  
  91  6:18  Probe  
  91  6:24  Photon Cannon  
  91  6:25  Observer (Chrono Boost)  
  93  6:28  Templar Archives  
  93  6:29  Gateway  
  93  6:36  Photon Cannon  
  93  6:37  Gateway  
  93  6:39  Zealot, Disruptor (Chrono Boost), Gateway  
  95  6:43  Stalker  
  95  6:46  Zealot x2  
  104  6:51  Pylon  
  105  6:54  Probe  
  105  7:00  Pylon  
  105  7:04  Disruptor (Chrono Boost)  
  105  7:05  Photon Cannon  
  108  7:09  Protoss Ground Weapons Level 2 (Chrono Boost)  
  108  7:15  Zealot x4  
  112  7:18  Photon Cannon  
  116  7:31  Phoenix  
  116  7:32  Disruptor (Chrono Boost)  
  116  7:33  High Templar x2  
  116  7:35  Pylon  
  125  7:41  Archon  
  125  7:48  Nexus, Probe  
  125  7:51  Psionic Storm, Pylon x2  
  120  7:52  Pylon  
  120  7:53  Pylon  
  120  7:56  Zealot x2  
  124  8:00  Gateway  
  124  8:05  Disruptor (Chrono Boost)  
  125  8:14  Zealot x5  
  125  8:19  Shield Battery  
  135  8:20  Photon Cannon  
  135  8:26  Photon Cannon  
  134  8:27  Shield Battery  
  134  8:31  Pylon x2  
  134  8:33  Disruptor  
  133  8:38  High Templar  
  138  8:42  High Templar x2  
  138  8:44  Probe  
  138  8:46  Fleet Beacon, Archon  
  143  8:50  Assimilator  
  143  8:54  Stargate  
  143  8:55  Assimilator  
  143  8:56  Zealot x3  
  143  8:58  Photon Cannon  
  149  9:16  Zealot x2  
  149  9:17  Zealot x6  
  157  9:23  Protoss Ground Weapons Level 3 (Chrono Boost)  
  164  9:35  Mothership (Chrono Boost)  
  164  9:36  Observer (Chrono Boost)  
  165  9:47  Probe (Chrono Boost)  
  165  9:50  Probe (Chrono Boost)  
  165  9:51  Carrier (Chrono Boost)  
  164  9:59  Zealot x5  
  169  10:10  Protoss Air Weapons Level 1  
  169  10:11  Photon Cannon  
  169  10:12  Photon Cannon  
  166  10:19  Probe  
  166  10:20  Zealot x3  
  162  10:22  High Templar  
  162  10:24  Probe x2  
  162  10:27  High Templar  
  160  10:31  Probe  
  160  10:32  Carrier (Chrono Boost)  
  167  10:36  Probe  
  167  10:37  Probe  
  167  10:40  Zealot x3  
  175  10:47  Zealot x3  
  179  11:04  Stalker x2  
  179  11:10  Stargate  
  173  11:16  Nexus  
  173  11:17  Pylon  
  166  11:19  Carrier (Chrono Boost)  
  166  11:22  Zealot  
  166  11:23  Zealot x2  
  177  11:27  Zealot x2  
  177  11:32  Probe  
  182  11:34  Probe  
  183  11:41  Dark Shrine  
  183  11:48  Photon Cannon  
  183  11:49  Photon Cannon  
  183  11:53  Zealot x3  
  179  11:55  Zealot x4  
  171  12:07  Zealot  
  159  12:09  Disruptor  
  158  12:22  Zealot x5  
  149  12:23  Zealot x2, Carrier (Chrono Boost)  
  164  12:32  Probe  
  164  12:33  High Templar  
  165  12:40  Probe  
  165  12:42  Probe x2  
  168  12:46  High Templar x7  
  168  12:50  Protoss Air Weapons Level 2 (Chrono Boost)  
  182  12:52  Mothership (Chrono Boost)  
  178  13:02  Carrier  
  178  13:04  Photon Cannon  
  186  13:07  Dark Templar  
  194  13:19  Assimilator  
  194  13:22  Photon Cannon  
  194  13:24  Photon Cannon  
  191  13:34  Zealot x4  
  191  13:35  Zealot  
  200  13:45  Observer (Chrono Boost)  
  192  13:58  Disruptor (Chrono Boost)  
  192  14:01  Stalker x4  
  185  14:21  Zealot x3  
  185  14:22  Zealot  
  184  14:30  Photon Cannon  
  185  14:33  Probe (Chrono Boost)  
  185  14:39  Observer  
  185  14:50  Carrier  
  179  15:00  Zealot x5  
  185  15:18  Probe  
  185  15:19  Dark Templar x2  
  185  15:20  Zealot x3  
  189  15:22  Observer (Chrono Boost)  
  189  15:23  Probe  
  189  15:27  Dark Templar x2  
  192  15:31  Zealot  
  192  15:32  Probe  
  192  15:33  Probe  
  196  15:41  Shield Battery  
Tags
 
Add a new tag
Caveats
  • Supply blocks, unpowered buildings, or Contaminate may cause inaccurate times.
  • Supply counts are checked every 10 seconds.